 Dungeon Crawl Stone Soup version 0.24.0-13-gcf9b3192b9 (webtiles) character file.

Game seed: 6111459716463607405, levelgen mode: deterministic

51 inmateoo the Poker (level 4, -3/33 HPs)
             Began as a Human Gladiator on Nov 5, 2019.
             Slain by a gnoll (4 damage)
             ... on level 3 of the Dungeon.
             The game lasted 00:00:59 (859 turns).

inmateoo the Poker (Human Gladiator)                 Turns: 859, Time: 00:01:00

Health: -3/33      AC: 11    Str: 15    XL:     4   Next: 5%
Magic:  4/4        EV:  5    Int:  8    God:
Gold:   74         SH:  0    Dex: 15    Spells: 3/3 levels left

rFire    . . .     SeeInvis .   a - +0 trident
rCold    + . .     Gourm    .   (no shield)
rNeg     . . .     Faith    .   i - +0 plate armour
rPois    .         Spirit   .   c - +0 helmet
rElec    .         Reflect  .   (no cloak)
rCorr    .         Harm     .   (no gloves)
MR       .....                  (no boots)
Stlth    ..........             (no amulet)
HPRegen  0.11/turn              g - ring of protection from cold
MPRegen  0.09/turn              (no ring)

@: no status effects
A: no striking features
a: no special abilities


You were on level 3 of the Dungeon.
You were not hungry.

You visited 1 branch of the dungeon, and saw 4 of its levels.

You collected 74 gold pieces.

Inventory:

Hand Weapons
 a - a +0 trident (weapon)
Missiles
 d - 3 throwing nets (quivered)
Armour
 c - a +0 helmet (worn)
 i - a +0 plate armour (worn)
Jewellery
 g - a ring of protection from cold (left hand)
Scrolls
 e - a scroll of fog {unknown}
 h - 3 scrolls of remove curse {unknown}
 j - a scroll of teleportation {unknown}
Potions
 b - a potion of berserk rage {unknown}
Comestibles
 f - 2 rations


   Skills:
 - Level 2.0 Fighting
 + Level 4.6 Polearms
 - Level 2.0 Throwing
 - Level 3.0 Dodging


You had 3 spell levels left.
You didn't know any spells.
Your spell library was empty.

Dungeon Overview and Level Annotations

Branches:
Dungeon (4/15)
 Temple: D:4-7

Altars:
Gozag

Annotations:
D:4 3 runed translucent doors, Vidiiot's ghost, amateur OpHu


Message History

You puncture the orc!
You kill the orc!
A gnoll comes into view.
The gnoll hits you but does no damage.
A kobold comes into view. It is wielding a +0 short sword.
A bat comes into view.
Found 14 sling bullets.
Things that are here:
a +0 mace; a +0 leather armour; an orc corpse Unknown command.
The bat hits you but does no damage. The gnoll barely misses you.
The bat hits you but does no damage. The kobold completely misses you.
The bat hits you but does no damage.
The kobold hits you with a +0 short sword.
There is a stone staircase leading up, spattered with blood here.
The bat hits you but does no damage.
The gnoll hits you from afar with a +0 halberd!
* * * LOW HITPOINT WARNING * * *
The bat hits you but does no damage. The gnoll hits you.
You die...

# ####### #
..###...#.# .#
.......>##.###
....#.#)#.....
#.##.#.g....##
#......g.....#
#(.#.#gK.##.##
# # #.@....#
.......#b####
########.# #..
#.. #.# .# .#


You could see 3 gnolls, a bat and a kobold.

Vanquished Creatures
  A gnoll (D:1)
  A worm (D:4)
  3 dart slugs (D:1)
  2 leopard geckos
  3 orcs
  A giant cockroach (D:1)
  4 goblins
  2 kobolds (D:1)
  A ball python skeleton (D:2)
  3 bats
  3 frilled lizards
  4 rats
28 creatures vanquished.

Notes
Turn   | Place    | Note
-------+----------+-------------------------------------------
     0 | D:1      | inmateoo the Human Gladiator began the quest for the Orb.
     0 | D:1      | Reached XP level 1. HP: 16/16 MP: 1/1
   101 | D:1      | Reached XP level 2. HP: 22/22 MP: 2/2
   544 | D:1      | Reached skill level 4 in Polearms
   544 | D:1      | Reached XP level 3. HP: 21/27 MP: 3/3
   785 | D:2      | You fall into a shaft and drop 2 floors!
   821 | D:4      | Found an opulent altar of Gozag.
   822 | D:4      | Found a runed translucent gate.
   822 | D:4      | Found a runed translucent gate.
   822 | D:4      | Found a runed translucent gate.
   824 | D:4      | Noticed a bullfrog
   824 | D:4      | Noticed Vidiiot's ghost (amateur OpHu)
   842 | D:4      | Reached XP level 4. HP: 33/33 MP: 4/4
   859 | D:3      | HP: 1/33 [gnoll/+0 halberd (12)]
   859 | D:3      | Slain by a gnoll

Levels and vault maps discovered:
D:1:      lightli_arrival_isolated_outpost, layout_basic
D:2:      minmay_recursive_quarters, layout_loops_corners,
          chequers_temple_overflow_statue_of_worship, first_ration,
          minmay_circled_x, uniq_robin
D:3:      layout_basic, kennysheep_vampire_church
D:4:      layout_cave_pools, kennysheep_little_box, ebering_ghost_gozag

Skill      XL: |  1  2 |
---------------+-------+-----
Polearms       | 4 |  4.6
Fighting       | |  2.0
Throwing       | |  2.0
Dodging        | |  3.0

Action                   |  1- 3 |  4- 6 || total
-------------------------+-------+-------++-------
Melee: Trident           |    91 |     5 ||    96
Armor: Leather armour    |     2 |       ||     2
       Plate armour      |    59 |    10 ||    69
Dodge: Dodged            |    16 |     5 ||    21
